 Dungeon Crawl Stone Soup version 0.29.1-2-gbd0b4ee654 (webtiles) character file.

Game seed: 10812088648760324784

45689 Lutefisk the Nimble (level 14, -6/106 HPs)
             Began as an Octopode Transmuter on Nov 12, 2022.
             Mangled by a centaur warrior simulacrum (36 damage)
             ... on level 12 of the Dungeon.
             The game lasted 01:30:56 (22853 turns).

Lutefisk the Nimble (Octopode Transmuter)          Turns: 22853, Time: 01:30:57

Health: -6/106     AC:  2    Str:  9    XL:     14   Next: 34%
Magic:  15/18      EV: 37    Int: 17    God:
Gold:   1074       SH:  0    Dex: 27    Spells: 9/19 levels left

rFire   + . .      SeeInvis .     - Unarmed
rCold   x . .      Faith    .   (shield currently unavailable)
rNeg    . . .      Spirit   .   (helmet currently unavailable)
rPois   .          Reflect  .   w - amulet "Uzueref" {Acrobat Rampage rCorr}
rElec   .          Harm     .   j - +6 ring of dexterity
rCorr   +          Rampage  +   N - +4 ring of slaying
Will    +....                   R - ring of resist corrosion
Stlth   ++++......              L - ring of fire
HPRegen 0.27/turn               q - ring of poison resistance
MPRegen 0.16/turn               (no ring)
                                (no ring)
                                (no ring)

@: spider-form
A: venomous fangs, almost no armour, (amphibious), 8 rings, tiny, (camouflage
1), (gelatinous body 1), (nimble swimmer 1), (tentacles)
a: End Transformation


You were on level 12 of the Dungeon.
You were a venomous arachnid creature.
You visited 4 branches of the dungeon, and saw 19 of its levels.
You also visited: Bailey and Volcano.

You collected 1143 gold pieces.
You spent 69 gold pieces at shops.

Inventory:

Hand Weapons
 F - a +0 arbalest (melded)
 M - the +3 hand axe of Dismemberment {flame, Str+3}
   (You found it on level 9 of the Dungeon)

   It burns those it strikes, dealing additional fire damage.
   Big, fiery blades are also staple armaments of hydra-hunters.
   Str:       It affects your strength (+3).
Missiles
 y - 31 poisoned darts
 P - a throwing net
 Q - a curare-tipped dart (quivered)
 S - 2 atropa-tipped darts
Armour
 p - the +2 hood of the Assassin (melded) {Detection Stab+ Stlth++}
   (You acquired it on level 10 of the Dungeon)

   It allows the wearer to sense nearby creatures.
   It allows the wearer to make particularly effective stabbing attacks against
   helpless or unaware enemies with any weapon.
   Stlth:     It makes you much more stealthy.
 u - the +3 buckler of Evolution {Rampage rF+ rC++ Dex-4}
   (You acquired it on level 2 of the Lair of Beasts)

   Dex:       It affects your dexterity (-4).
   rF:        It protects you from fire.
   rC:        It greatly protects you from cold.
   Rampage:   It bestows one free step when moving towards enemies.
 I - a +2 tower shield of protection
Magical Staves
 h - a staff of cold
Jewellery
 j - a +6 ring of dexterity (left front leg)
 m - an amulet of faith
 q - a ring of poison resistance (on tentacle)
 w - the amulet "Uzueref" (around neck) {Acrobat Rampage rCorr}
   (You acquired it on level 2 of the Lair of Beasts)

   [amulet of the acrobat]

   It increases your evasion while moving and waiting.
   rCorr:     It protects you from acid and corrosion.
   Rampage:   It bestows one free step when moving towards enemies.
 L - a ring of fire (on tentacle)
 N - a +4 ring of slaying (right front leg)
 R - a ring of resist corrosion (on tentacle)
Wands
 s - a wand of flame (64)
 t - a wand of polymorph (4)
 H - a wand of iceblast (10)
 O - a wand of mindburst (4)
 V - a wand of charming (6)
 W - a wand of light (3)
Scrolls
 b - 2 scrolls of fear
 d - 2 scrolls of silence
 e - 3 scrolls of vulnerability
 f - 4 scrolls of enchant weapon
 i - 2 scrolls of immolation
 k - 3 scrolls of enchant armour
 v - 2 scrolls of poison
 x - 4 scrolls of magic mapping
 B - a scroll of blinking
 D - 2 scrolls of torment
 E - 3 scrolls of amnesia
 T - a scroll of summoning
 X - 2 scrolls of fog
 Z - 4 scrolls of teleportation
Potions
 a - 6 potions of lignification
 g - a potion of mutation {unknown}
 l - a potion of heal wounds
 n - 5 potions of flight
 o - 2 potions of curing
 r - a potion of haste
 z - 4 potions of might
 A - 3 potions of magic
 C - a potion of berserk rage {unknown}
 G - 2 potions of ambrosia
 J - a potion of resistance {unknown}
 K - 4 potions of attraction
 Y - a potion of cancellation {unknown}
Miscellaneous
 c - a tin of tremorstones (2/2)


   Skills:
 - Level 13.0 Fighting
 - Level 13.0 Dodging
 - Level 5.0 Stealth
 * Level 12.7 Unarmed Combat
 - Level 3.0 Spellcasting
 - Level 10.0 Transmutations
 - Level 2.0 Ice Magic
 - Level 2.0 Poison Magic
 - Level 4.0 Evocations


You had 9 spell levels left.
You knew the following spells:

 Your Spells              Type           Power      Damage    Failure   Level
a - Beastly Appendage     Tmut           72%        N/A       2%          1
b - Wereblood             Tmut           36%        N/A       3%          2
c - Spider Form           Tmut/Pois      22%        N/A       13%         3
d - Ice Form              Ice/Tmut       22%        N/A       32%         4

Your spell library contained the following spells:

 Spells                   Type           Power      Damage    Failure   Level
 Apportation              Tloc           4%         N/A       36%         1
 Necrotise                Necr           8%         1d4       36%         1
 Summon Small Mammal      Summ           8%         N/A       36%         1
 Ensorcelled Hibernation  Hex/Ice        10%        N/A       36%         2
 Static Discharge         Conj/Air       2%         3-4/arc   47%         2
 Alistair's Intoxication  Tmut/Pois      14%        N/A       61%         5
 Call Canine Familiar     Summ           2%         N/A       67%         3
 Summon Guardian Golem    Hex/Summ       2%         N/A       67%         3
 Vampiric Draining        Necr           2%         2d6       67%         3
 Anguish                  Hex/Necr       1%         N/A       95%         4
 Agony                    Necr           2%         N/A       100%        5
 Lightning Bolt           Conj/Air       1%         1d12      100%        5
 Summon Forest            Summ/Tloc      1%         N/A       100%        5
 Summon Mana Viper        Hex/Summ       2%         N/A       100%        5
 Summon Cactus Giant      Summ           1%         N/A       100%        6
 Maxwell's Capacitive Co  Air            1%         ∞         100%        8


Dungeon Overview and Level Annotations

Branches:
Dungeon (12/15)            Temple (1/1) D:7            Lair (5/5) D:11
  Snake (0/4) Lair:2        Slime (1/5) Lair:4          Orc (0/2) D:10
 Bailey (visited)         Volcano (visited)
  Swamp: Lair:2-3    Shoals: Lair:2-3

Altars:
Ashenzari
Cheibriados
Dithmenos
Elyvilon
Fedhas
Gozag
Hepliaklqana
Kikubaaqudgha
Makhleb
Nemelex Xobeh
Okawaru
Qazlal
Ru
Sif Muna
Trog
Uskayaw
Vehumet
Wu Jian
Xom
Yredelemnul
Zin
The Shining One

Shops:
D:6 *   D:11 *

Portals:
Abyss: Lair:4
Trove: D:11 (show slimy rune of Zot)

Annotations:
D:3 Sigmund, Terence
Lair:2 Urug
Lair:4 2 transporters, elongatedgoose's ghost, journeyman MiFi


Innate Abilities, Weirdness & Mutations

You are a venomous arachnid creature.
You have poisonous fangs.
You are tiny and dextrous.
Your spellcasting is less reliable in this form.
Your armour is entirely melded.
You are incapable of wielding weapons or throwing items.
You cannot wear most types of armour.
((You are amphibious.))
You can wear up to eight rings at the same time.
((Your skin changes colour to match your surroundings (Stealth+).))
((Your rubbery body absorbs attacks. (AC +1, EV +1)))
((You are camouflaged when in or above water. (Stealth+)))
((You have tentacles for arms and can constrict up to eight enemies at once.))


Message History

You bite the orc warrior!
The orc warrior looks as sick as possible!
The orc warrior is heavily wounded.
The orc warrior completely misses you.
You bite the orc warrior!
The orc warrior looks as sick as possible!
The orc warrior is almost dead.
You bite the orc warrior!
You kill the orc warrior!
Items here: )))) [[[[ †††.
Press: ? - help, v - describe, . - travel, g - get item
Items here: )))) [[[[ †††.
The floor, spattered with blood.
You start resting.
Your transformation is almost over.
Magic restored.
You start resting.
Your transformation has ended.
Your +0 arbalest unmelds from your body.
The +2 hood of the Assassin {Detection Stab+ Stlth++} unmelds from your body.
You start resting.
A centaur warrior simulacrum is nearby!
You are too injured to fight recklessly!
Fire: F) +0 arbalest
Press: ? - help, Q - select action, (/) - cycle Shift-Dir - straight line, f - centaur warrior simulacrum
Aim: a centaur warrior simulacrum (moderately damaged, wandering, hasn't noticed you, 89% to hit)
You shoot a bolt.
The bolt hits the centaur warrior simulacrum!
The centaur warrior simulacrum is heavily damaged.
Casting: Spider Form (mildly dangerous; 4% risk of failure)
Confirm with . or Enter, or press ? or * to list all spells.
You turn into a venomous arachnid creature.
Your +0 arbalest melds into your body.
The +2 hood of the Assassin {Detection Stab+ Stlth++} melds into your body.
The centaur warrior simulacrum closely misses you.
The centaur warrior simulacrum kicks you.
* * * LOW HITPOINT WARNING * * *
The centaur warrior simulacrum freezes you!!!
You feel a terrible chill!
You die...

#.$.... ..#.....
#..... ..#....
#.... ......
#...###..# .
#...#...# ....
#...)...# .#..
#..#####..####....
## {#.Z#.#..# ..##
#..s....###...#
#..............
####........^.....
##...###...........
#....# ##..........
###### ##.........
{##........ #
##......... ..
##....#.....


You could see a centaur warrior simulacrum.

Vanquished Creatures
  A stone giant (Volcano)
  5 boulder beetles
  4 hydras
  A catoblepas (Lair:5)
  A two-headed ogre (D:11)
  8 death yaks (Lair:5)
  A tengu warrior (D:12)
  A deep troll shaman (Lair:5)
  Nergalle (Lair:3)
  An orc knight (Bailey)
  A necromancer (Lair:4)
  An oklob plant (D:11)
  2 black mambas
  A molten gargoyle (Volcano)
  A torpor snail (Lair:1)
  11 elephants
  6 gargoyles
  10 cane toads
  An efreet (Volcano)
  3 komodo dragons
  4 rime drakes
  3 polar bears
  13 blink frogs
  A shadow (D:11)
  A wraith (D:10)
  4 wyverns
  31 yaks
  5 basilisks
  Grum (D:10)
  A fire elemental (Volcano)
  2 fire bats (Volcano)
  4 vampire mosquitoes (D:11)
  An acid dragon (D:11)
  3 nagas (Lair:2)
  9 water moccasins
  Duvessa (D:7)
  13 orc warriors
  2 ice beasts
  5 black bears
  6 ogres
  19 wolves
  2 centaurs (D:8)
  A phantom (D:7)
  4 kobold brigands
  10 bullfrogs
  A gnoll sergeant (D:10)
  An earth elemental (Volcano)
  2 scorpions
  Dowan (D:7)
  5 killer bees (D:9)
  An electric eel (Lair:1)
  7 crimson imps (D:9)
  5 lava snakes (Volcano)
  5 jellies
  2 gnoll boudas
  3 hounds
  3 orc priests
  4 iguanas
  12 orc wizards
  10 hell rats (Lair:2)
  3 polar bear simulacra (Lair:4)
  4 yak simulacra (Lair:4)
  3 wolf simulacra (Lair:4)
  17 gnolls
  13 river rats (Lair:2)
  5 adders
  4 white imps
  4 ufetubi
  2 dart slugs
  46 orcs
  7 ball pythons
  7 bats
  9 endoplasms
  3 giant cockroaches
  5 goblins
  5 hobgoblins
  8 jackals
  6 kobolds
  12 quokkas
  2 frilled lizards
  14 rats
  A river rat simulacrum (Lair:4)
449 creatures vanquished.

Vanquished Creatures (others)
  2 bushes (Lair:5)
  13 fungi
  30 plants
45 creatures vanquished.

Grand Total: 494 creatures vanquished

Notes
Turn   | Place    | Note
-------+----------+-------------------------------------------
     0 | D:1      | Lutefisk the Octopode Transmuter began the quest for the
                  | Orb.
     0 | D:1      | Reached XP level 1. HP: 13/13 MP: 3/3
   108 | D:1      | Reached XP level 2. HP: 8/18 MP: 3/5
   766 | D:2      | Reached XP level 3. HP: 23/24 MP: 4/6
  1102 | D:2      | Reached XP level 4. HP: 17/30 MP: 5/7
  1106 | D:2      | Learned a level 2 spell: Wereblood
  1110 | D:2      | Learned a level 3 spell: Spider Form
  1120 | D:2      | You fall into a shaft and drop 1 floor!
  1249 | D:3      | Noticed Terence
  1354 | D:3      | Noticed Sigmund
  1438 | D:3      | Found a faded altar of an unknown god.
  1504 | D:2      | Reached skill level 1 in Poison Magic
  1978 | D:3      | Found a shadowy altar of Dithmenos.
  2068 | D:3      | Reached XP level 5. HP: 22/36 MP: 8/8
  2747 | D:5      | Entered Level 5 of the Dungeon
  2834 | D:4      | Noticed a black bear
  2858 | D:5      | Reached skill level 1 in Stealth
  3221 | D:5      | Reached XP level 6. HP: 43/43 MP: 7/9
  3943 | D:5      | Noticed a black bear
  3952 | D:5      | Killed a black bear
  3953 | D:5      | Reached XP level 7. HP: 28/48 MP: 7/10
  4446 | D:6      | Found a white marble altar of Elyvilon.
  4513 | D:6      | Found Jerr's Neck Hole.
  4693 | D:6      | Reached skill level 5 in Fighting
  5018 | D:6      | Reached skill level 5 in Unarmed Combat
  5018 | D:6      | Reached XP level 8. HP: 55/55 MP: 9/11
  5251 | D:6      | Reached skill level 5 in Dodging
  5502 | D:7      | Noticed Duvessa
  5502 | D:7      | Noticed Dowan
  5504 | D:7      | Noticed a wraith
  5513 | D:7      | Killed Dowan
  5515 | D:7      | Killed Duvessa
  5577 | D:7      | Reached skill level 5 in Transmutations
  5617 | D:7      | Found a staircase to the Ecumenical Temple.
  5644 | Temple   | Entered the Ecumenical Temple
  5867 | D:7      | Learned a level 4 spell: Ice Form
  5893 | D:7      | Found a hazy altar of Hepliaklqana.
  5935 | D:7      | Noticed a wyvern
  6170 | D:8      | Found a flagged portal.
  6201 | Bailey   | Entered a bailey
  6639 | Bailey   | Reached XP level 9. HP: 62/62 MP: 12/12
  6888 | Bailey   | Noticed an orc knight
  7014 | Bailey   | Killed an orc knight
  7288 | D:8      | Found a snail-covered altar of Cheibriados.
  7290 | D:8      | Found a bloodstained altar of Trog.
  8096 | D:8      | Reached skill level 1 in Ice Magic
  8215 | D:8      | Reached XP level 10. HP: 70/71 MP: 13/13
  8293 | D:8      | Found a stormy altar of Qazlal.
  8298 | D:8      | Found an iron altar of Okawaru.
  8301 | D:8      | Found a sacrificial altar of Ru.
  8304 | D:8      | Found an ornate altar of the Wu Jian Council.
  8306 | D:8      | Found an ancient bone altar of Kikubaaqudgha.
  8308 | D:8      | Found a blossoming altar of Fedhas.
  8557 | D:9      | Identified the +3 hand axe of Dismemberment {flame, Str+3}
  8717 | D:9      | Identified the +2 leather armour of Thoughtfulness {rElec
                  | Slay+2}
  8896 | D:9      | Found an opulent altar of Gozag.
  8963 | D:9      | Found a glowing silver altar of Zin.
  9002 | D:10     | Entered Level 10 of the Dungeon
  9160 | D:10     | Found a staircase to the Orcish Mines.
  9263 | D:10     | Noticed a gargoyle
  9392 | D:10     | Identified 3 scrolls of acquirement
  9393 | D:10     | Acquired the +2 hood of the Assassin {Detection Stab+
                  | Stlth++}
  9393 | D:10     | Found the +2 hood of the Assassin {Detection Stab+ Stlth++}
  9926 | D:10     | Noticed Grum
  9936 | D:10     | Killed Grum
  9937 | D:10     | Reached XP level 11. HP: 78/78 MP: 14/14
 10552 | D:11     | Noticed a boulder beetle
 11206 | D:11     | Found Yhimnogi's Assorted Antiques.
 11214 | D:11     | Bought a scroll labelled SUEXZO NICRALI for 23 gold pieces
 11214 | D:11     | Bought a scroll labelled LOAKIGHODUF for 23 gold pieces
 11214 | D:11     | Bought a scroll labelled ZECUSIFFUSH for 23 gold pieces
 11246 | D:11     | Found a portal to a secret trove of treasure.
 11277 | D:11     | Found a staircase to the Lair.
 11278 | D:11     | Noticed an oklob plant
 11475 | D:11     | Killed a boulder beetle
 11817 | D:11     | Killed an oklob plant
 11982 | Lair:1   | Entered Level 1 of the Lair of Beasts
 11982 | Lair:1   | Noticed a seven-headed hydra
 12143 | Lair:1   | Reached skill level 10 in Dodging
 12542 | Lair:2   | Found a dark tunnel.
 12552 | Volcano  | Entered a volcano
 13386 | Volcano  | Found a bloodstained altar of Trog.
 13419 | Volcano  | Reached skill level 10 in Fighting
 13419 | Volcano  | Reached XP level 12. HP: 33/87 MP: 16/16
 13747 | Volcano  | Noticed a stone giant
 13772 | Volcano  | Killed a stone giant
 13773 | Volcano  | Reached skill level 10 in Unarmed Combat
 13907 | Volcano  | Identified the +1 pair of gloves of Mikkukou {Str+6}
 14176 | Lair:2   | Acquired the +3 buckler of Evolution {Rampage rF+ rC++
                  | Dex-4}
 14178 | Lair:2   | Acquired the amulet "Uzueref" {Acrobat Rampage rCorr}
 14918 | Lair:2   | Found a staircase to the Snake Pit.
 15075 | Lair:2   | Noticed a boulder beetle
 15091 | Lair:2   | Killed a boulder beetle
 15104 | Lair:2   | Noticed Urug
 15748 | Lair:3   | Noticed Nergalle
 15771 | Lair:3   | Killed Nergalle
 16035 | Lair:3   | Reached skill level 10 in Transmutations
 16354 | Lair:3   | Reached XP level 13. HP: 93/93 MP: 14/17
 16730 | Lair:4   | Noticed elongatedgoose's ghost (journeyman MiFi)
 16730 | Lair:4   | Found a one-way gate to the infinite horrors of the Abyss.
 16862 | Lair:4   | Found a runed translucent door.
 16863 | Lair:4   | Found a staircase to the Slime Pits.
 16883 | Slime:1  | Entered Level 1 of the Pits of Slime
 17210 | Lair:4   | Found a transporter.
 17975 | Lair:5   | Entered Level 5 of the Lair of Beasts
 18111 | Lair:5   | Reached skill level 5 in Stealth
 20223 | Lair:5   | Reached XP level 14. HP: 87/103 MP: 14/18
 21095 | Lair:4   | Found a transporter.
 22853 | D:12     | Mangled by a centaur warrior simulacrum

Illustrated notes

Levels and vault maps discovered:
D:1:      reono_arrival_mine, layout_basic
D:2:      layout_loops_cross, minmay_circle_x
D:3:      layout_loops_ring, nicolae_overflow_crystal_walls,
          hellmonk_ecumenical_altar_heavens_door, uniq_sigmund, uniq_terence
D:4:      layout_cave_pods
D:5:      layout_gridville, kennysheep_potato
D:6:      layout_basic, nicolae_elyvilon_peaceful_grove,
          nicolae_shop_sticking_my_neck_out
D:7:      layout_gridville, nicolae_hepliaklqana_hazy_memory,
          minmay_temple_entry_wispy, dreamdust_princess_corridor,
          grunt_ministairs_2, uniq_duvessa
D:8:      layout_basic, nicolae_overflow_hallway_of_the_gods, enter_bailey_2
D:9:      layout_rooms, pdpol_temple_overflow_zin_treasury_gozag_greed,
          minmay_nine_imps
D:10:     layout_loops_ring, kennysheep_orc_monster_closet_entryway,
          hellmonk_bongcloud_opening, uniq_grum
D:11:     layout_long_grid, dpeg_oklobed_lair, serial_shops, shop_statue,
          nicolae_trove_entry_crystal, nemelex_lonely_heart_becter
D:12:     minmay_inside_and_out, layout_cave_pools, st_stairs_9,
          makhleb_altar_promises_db
Temple:   nicolae_temple_ecumenical_triangle
Lair:1:   gammafunk_indiana_jones, layout_long_grid,
          infiniplex_staircase_pool_2, serial_bayou_shore_a
Lair:2:   lemuel_ratsnest, layout_cave_pods, minmay_shoals_entry_hut,
          guppyfry_snake_entry_garden, nicolae_volcano_entry_lava_flow,
          st_stairs_3, nicolae_lair_grove_arrangements, nzn_sisyphean_effort,
          uniq_urug
Lair:3:   layout_layer_cave, minivault_26, minmay_stone_trees_small,
          chequers_serial_rivers_micro_c, beast_lair_carwin_4, uniq_nergalle
Lair:4:   layout_layer_cave, slime_entry_2, gammafunk_ghost_abyssal_escape,
          eino_house_with_fridge
Lair:5:   grunt_lair_end_beastmaster, layout_hall_layers
Slime:1:  layout_caves

Skill      XL: |  1  2  3  4  5  6  7  8  9 10 11 12 13 14 |
---------------+-------------------------------------------+-----
Fighting       | 2 3 4 5 6 7 8 10 12 13 | 13.0
Unarmed Combat | 4 5 6 7 8 9 10 12 | 12.7
Poison Magic   | 2 |  2.0
Dodging        | 3 4 6 7 8 10 12 13 | 13.0
Stealth        | 2 3 4 5 |  5.0
Transmutations | 4 5 6 8 10 | 10.0
Evocations     | 2 4 |  4.0
Ice Magic      | 2 |  2.0
Spellcasting   | 3 |  3.0

Action                   |  1- 3 |  4- 6 |  7- 9 | 10-12 | 13-15 || total
-------------------------+-------+-------+-------+-------+-------++-------
Melee: Unarmed           |    61 |   132 |   191 |   667 |   429 ||  1480
       Constrict         |    17 |    17 |    12 |       |       ||    46
       Kick              |     8 |    16 |    13 |       |       ||    37
       Tentacles         |     9 |    11 |    12 |       |     1 ||    33
       Punch             |     2 |       |     1 |       |       ||     3
 Fire: Sling             |    19 |    59 |    16 |       |       ||    94
       Arbalest          |       |       |    98 |    99 |    47 ||   244
Throw: Dart              |       |     1 |     3 |     1 |       ||     5
 Cast: Beastly Appendage |    15 |    10 |     7 |       |       ||    32
       Spider Form       |       |    10 |    21 |    59 |    38 ||   128
       Wereblood         |       |     1 |       |     1 |       ||     2
       Ice Form          |       |       |       |    14 |    15 ||    29
 Abil: End Transformatio |       |     2 |     5 |    10 |    10 ||    27
Evoke: Wand              |       |       |       |     3 |       ||     3
  Use: Scroll            |       |       |     1 |    16 |    13 ||    30
       Potion            |       |       |       |     8 |       ||     8
 Stab: Sleeping          |     2 |     3 |     1 |       |     3 ||     9
       Distracted        |       |       |       |     1 |     3 ||     4
Armor: Skin              |     7 |     7 |     7 |    23 |    24 ||    68
Dodge: Dodged            |    33 |   114 |   180 |   654 |   389 ||  1370
